 Dungeon Crawl Stone Soup version 0.27-a0-1500-g450c7e4133 (webtiles) character file.

Game seed: 18385046687290711768

61 Spaninq the Cudgeller (level 3, 0/36 HPs)
             Began as a Troll Chaos Knight on July 8, 2021.
             Was a Plaything of Xom.
             Slain by Sigmund (11 damage)
             ... on level 2 of the Dungeon.
             The game lasted 00:02:52 (988 turns).

Spaninq the Cudgeller (Troll Chaos Knight)           Turns: 988, Time: 00:02:53

Health: 0/36       AC:  6    Str: 20    XL:     3   Next: 83%
Magic:  2/2        EV: 10    Int:  8    God:    Xom [..*...]
Gold:   73         SH:  0    Dex: 10    Spells: 2/2 levels left

rFire    . . .     SeeInvis .   a - +0 mace (flame)
rCold    . . .     Faith    .   (no shield)
rNeg     . . .     Spirit   .   b - +2 robe
rPois    .         Reflect  .   (helmet restricted)
rElec    .         Harm     .   (no cloak)
rCorr    .         Rampage  .   (gloves unavailable)
Will     .....                  (boots unavailable)
Stlth    +.........             (no amulet)
HPRegen  1.12/turn              (no ring)
MPRegen  0.08/turn              (no ring)

@: no status effects
A: large, unfitting armour, claws 3, regeneration 1, shaggy fur 1, tough skin 1
a: Renounce Religion


You were on level 2 of the Dungeon.
You worshipped Xom.
You were a toy of Xom.
You visited 1 branch of the dungeon, and saw 2 of its levels.

You collected 73 gold pieces.

Inventory:

Hand Weapons
 a - a +0 mace of flaming (weapon)
 c - a +0 whip
Armour
 b - a +2 robe (worn)
Jewellery
 e - a ring of ice
Potions
 d - a potion of curing {unknown}
 f - a potion of flight {unknown}


   Skills:
 + Level 2.8 Fighting
 * Level 3.6 Maces & Flails
 + Level 2.4 Dodging


You had 2 spell levels left.
You didn't know any spells.
Your spell library was empty.

Dungeon Overview and Level Annotations

Branches:
Dungeon (2/15)

Altars:
Wu Jian

Annotations:
D:2 Sigmund


Innate Abilities, Weirdness & Mutations

You are too large for most types of armour.
You have claws for hands.
Your natural rate of healing is unusually fast.
You are covered in fur. (AC +1)
You have tough skin. (AC +1)


Message History

Sigmund gestures at you while chanting. The magic dart hits you.
Sigmund closely misses you.
There is an ornate altar of the Wu Jian Council here.
You barely miss Sigmund.
Sigmund laughs darkly.
Sigmund hits you with a +0 scythe of protection.
You hit Sigmund. You burn Sigmund.
Sigmund is lightly wounded.
Sigmund hits you with a +0 scythe of protection!
You hit Sigmund. You burn Sigmund.
Sigmund is moderately wounded.
Sigmund closely misses you.
You hit Sigmund but do no damage.
Sigmund is moderately wounded.
Sigmund hits you with a +0 scythe of protection.
Sigmund points at you and mumbles some strange words.
You are confused.
You closely miss Sigmund.
Sigmund is moderately wounded.
Sigmund mumbles some strange words.
Sigmund flickers and vanishes!
Deactivating autopickup; reactivate with Ctrl-A.
Something hits you but does no damage. Something hits you. Something hits you.
You hear some strange, mumbled words.
A magic dart appears from out of thin air!
The magic dart hits you but does no damage.
You miss something.
You feel less confused. Something hits you.
You miss something. Something hits you.
You hit something. You burn something. Something hits you!
* * * LOW HITPOINT WARNING * * *
You hit something. You burn something.
Something hits you but does no damage. x2
You miss something. Something hits you but does no damage.
You barely miss something. Something hits you!
You die... "It was about time."

#.........#.###.#.#.#
..........#.....#...#
....##....###########
...........
....###############
#...........#.....#
#.#########.......######
..............._{.......
#.##########...)@.#####
#.#..<............#
#.#.##.######.##.##
..#.#.......#.##.#
..#.#..####.#.##.#
....#..# #.#.##.#
#####.)# #.#.##.#
#####..# #.# #.#
.......# #.# #.#


There were no monsters in sight!

Vanquished Creatures
  2 adders (D:2)
  A worm (D:2)
  2 dart slugs (D:2)
  6 endoplasms
  4 giant cockroaches
  4 quokkas
  3 ball pythons
  3 bats
  A frilled lizard (D:1)
  2 goblins
  4 kobolds
  2 rats
34 creatures vanquished.

Notes
Turn   | Place    | Note
-------+----------+-------------------------------------------
     0 | D:1      | Spaninq the Troll Chaos Knight began the quest for the Orb.
     0 | D:1      | Reached XP level 1. HP: 22/22 MP: 0/0
   129 | D:1      | XOM: butterfly on damage
   163 | D:1      | Reached skill level 3 in Maces & Flails
   164 | D:1      | Reached XP level 2. HP: 22/29 MP: 1/1
   601 | D:2      | Reached XP level 3. HP: 36/36 MP: 2/2
   603 | D:2      | XOM: silly message
   609 | D:2      | XOM: silly message
   845 | D:2      | XOM: silly message
   966 | D:2      | Found an ornate altar of the Wu Jian Council.
   970 | D:2      | Noticed Sigmund
   971 | D:2      | XOM: silly message
   988 | D:2      | Slain by Sigmund

Illustrated notes

Levels and vault maps discovered:
D:1:      dpeg_arrival_shrine, layout_basic
D:2:      minmay_razor_zed, layout_basic, basic_altar, uniq_sigmund

Skill      XL: |  1 |
---------------+----+-----
Dodging        | 2 |  2.4
Maces & Flails | 3 |  3.6
Fighting       | |  2.8

Action                   || total
-------------------------++-------
Melee: Mace              ||    91
  Use: Scroll            ||     3
Armor: Robe              ||    49
Dodge: Dodged            ||    59

Table legend: (Time is in decaauts)
 A = Elapsed time spent in this place.
 B = Non-inter-level travel time spent in this place.
 C = Inter-level travel time spent in this place.
 D = Time resting spent in this place.
 E = Time spent auto-exploring this place.
 F = Levels seen in this place.
 G = Mean time per level.
                   A        B        C        D        E       F      G
               +--------+--------+--------+--------+--------+-----+--------+
         Total |   1010 |   1002 |      8 |      0 |    759 |   2 |  505.0 |
       Dungeon |   1010 |   1002 |      8 |      0 |    759 |   2 |  505.0 |
               +--------+--------+--------+--------+--------+-----+--------+

Top non-repeatable levels by time:
     D:1: 515 daAuts
     D:2: 494 daAuts
